 Dungeon Crawl Stone Soup version 0.14.2 (webtiles) character file.

62 Amnesiac the Ducker (level 3, 0/18 HPs)
             Began as a Spriggan Gladiator on Feb 11, 2018.
             Slain by a giant gecko (4 damage)
             ... on Level 3 of the Dungeon.
             The game lasted 00:01:49 (1245 turns).

Amnesiac the Ducker (Spriggan Gladiator)            Turns: 1245, Time: 00:01:49

HP   0/18        AC  2     Str 12      XL: 3   Next: 19%
MP   6/6         EV 20     Int  9      God:
Gold 26          SH  0     Dex 16      Spells:  0 memorised,  2 levels left

rFire  . . .     SeeInvis +     a - +0 quarterstaff
rCold  . . .     Clarity  +     b - +0 animal skin
rNeg   . . .     Conserve .     (shield restricted)
rPois  .         rCorr    .     c - +0 hat
rElec  .         rRot     .     (no cloak)
SustAb . .       Spirit   .     (gloves unavailable)
rMut   .         Warding  .     (boots unavailable)
Saprov . . .     Stasis   .     l - amulet of clarity {unknown}
MR     .....                    (no ring)
                                (no ring)

@: very quick, not resistant to hostile enchantments, unstealthy
A: unfitting armour, see invisible, herbivore 3, speed 3, slow metabolism 2
a: no special abilities


You were on level 3 of the Dungeon.
You were not hungry.

You visited 1 branch of the dungeon, and saw 4 of its levels.

You collected 26 gold pieces.

Inventory:

Hand weapons
 a - a +0,+0 quarterstaff (weapon)
Missiles
 d - 3 throwing nets (quivered)
Armour
 b - a +0 animal skin (worn)
 c - a +0 hat (worn)
Comestibles
 h - a bread ration
Scrolls
 f - 3 scrolls of identify {!r, unknown}
 g - a scroll of fear {!r, unknown}
 j - a scroll of immolation {!r, unknown}
 k - a scroll of blinking {!r, unknown}
Jewellery
 l - an amulet of clarity (around neck) {unknown}
Potions
 e - a potion of porridge {!q}
 i - a potion of curing {!q, unknown}


   Skills:
 - Level 1.5 Fighting
 * Level 2.9 Staves
 - Level 2.1 Throwing
 + Level 5.2 Dodging


You had 2 spell levels left.
You didn't know any spells.

Dungeon Overview and Level Annotations

Branches:
Dungeon (4/15)
 Temple: D:4-7

Altars:


Innate Abilities, Weirdness & Mutations

You are tiny and cannot use many weapons and most armour.
You have supernaturally acute eyesight.
You are a herbivore.
You cover ground extremely quickly.
You need consume almost no food.


Message History

Your experience leads to an increase in your attributes!
Increase (S)trength, (I)ntelligence, or (D)exterity?
You feel stronger.
You feel sick.
You start resting.
You feel sick. x6
You are no longer poisoned.
You start resting.
You start resting.
You found a teleport trap!
Found a sling.
f - 2 scrolls labeled QOYTON NOQIO {!r} (gained 1)
Found 15 darts of frost.
l - a dented jade amulet Put on which piece of jewellery? (? for menu, Esc to quit)
You can only put on jewellery.
Put on which piece of jewellery? (? for menu, Esc to quit)
l - a dented jade amulet (around neck) {tried}
Found 19 arrows.
f - 3 scrolls labeled QOYTON NOQIO {!r} (gained 1)
You see here a sling.
You see here a sling.
Search for what [? for help]? dar Unknown command.
You open the door.
There is an open door here.
Found a stone staircase leading down.
HP restored.
A hobgoblin comes into view. It is wielding a club.
You hit the hobgoblin but do no damage. The hobgoblin hits you with a club.
You hit the hobgoblin.
You kill the hobgoblin!
No target in view!
No target in view!
Things that are here:
a club; a hobgoblin corpse
There is a stone staircase leading down here.
You climb downwards.
The hound barks!
The iguana hisses angrily.
The hound bites you. The hound barely misses you. The hound closely misses you.
The hound completely misses you.
There is a stone staircase leading up here.
The hound completely misses you.
There is an escape hatch in the floor here.
The hound bites you but does no damage. The iguana closely misses you.
The hound gazes forward, looking utterly alone.
You open the door. The hound misses you.
Found 12 gold pieces.
Found a stone staircase leading down and a stone staircase leading up.
There is an open door here.
You see here 12 gold pieces.
There is a stone staircase leading up here.
The hound bites you.
* * * LOW HITPOINT WARNING * * *
You climb upwards.
A giant gecko and a giant cockroach come into view.
The giant gecko misses you.
There is a stone staircase leading down here.
The giant gecko bites you.
* * * LOW HITPOINT WARNING * * *
The giant cockroach misses you. The giant gecko bites you.
You die...

#.# #..# #.# #..#
#.####..###
#.........#.#
###.........#.#######
....................####
..........>.# #........#
............#.#..l.....#
................@h>....#
..................s....#
.#..#.###.#####........#
.#..#.###.### #........#
............# #....#####
.#..........# #....#
............# #....#
##..........# #....#
#.......... .....


You could see a hound, a giant gecko and a giant cockroach.

Vanquished Creatures
  2 adders
  A giant gecko (D:1)
  2 orcs (D:3)
  A giant cockroach (D:2)
  A hobgoblin (D:3)
  A kobold (D:2)
  8 bats
  A giant newt (D:1)
  2 rats
19 creatures vanquished.

Notes
Turn   | Place    | Note
--------------------------------------------------------------
     0 | D:1      | Amnesiac, the Spriggan Gladiator, began the quest for the Orb.
     0 | D:1      | Reached XP level 1. HP: 10/10 MP: 2/2
   405 | D:3      | Reached XP level 2. HP: 14/14 MP: 4/4
   912 | D:2      | Reached skill level 5 in Dodging
   945 | D:3      | Reached XP level 3. HP: 11/18 MP: 6/6
  1245 | D:3      | Slain by a giant gecko

Action                   || total
-------------------------++-------
Melee: Quarterstaff      ||    57
 Stab: Sleeping          ||     1
